 Dungeon Crawl Stone Soup version 0.31-a0-841-g038b102fc3 (webtiles) character file.

Game seed: 4369188584687881349

834 Kurtz the Cleaver (level 7, -12/46 HPs)
             Began as an Octopode Fighter on Sept 27, 2023.
             Was an Initiate of Okawaru.
             Mangled by an orc
             ... wielding a +0 heavy morningstar
              (23 damage)
             ... on level 5 of the Dungeon.
             The game lasted 00:04:07 (3397 turns).

Kurtz the Cleaver (Octopode Fighter)                Turns: 3397, Time: 00:04:07

Health: -12/46     AC:  1    Str: 22    XL:     7   Next: 98%
Magic:  7/7        EV: 13    Int: 10    God:    Okawaru [......]
Gold:   154        SH:  4    Dex: 13    Spells: 6/6 levels left

rFire   . . .        p - +1 hand axe (heavy)
rCold   . . .        b - +0 buckler
rNeg    . . .        m - +0 hat
rPois   .            (no amulet)
rElec   .            o - +6 ring of strength
rCorr   .            (no ring)
SInv    .            (no ring)
Will    .....        (no ring)
Stlth   ++           (no ring)
HPRegen 0.27/turn    (no ring)
MPRegen 0.10/turn    (no ring)
                     (no ring)

%: no passive effects
@: no status effects
A: almost no armour, amphibious, 8 rings, camouflage 1, gelatinous body 1,
(nimble swimmer 1), tentacles
a: Renounce Religion


You were on level 5 of the Dungeon.
You worshipped Okawaru.
Okawaru was noncommittal.
You visited 1 branch of the dungeon, and saw 5 of its levels.

You collected 266 gold pieces.
You spent 112 gold pieces at shops.

Inventory:

Hand Weapons
 a - a +0 war axe
 c - a +1 flail of protection
 e - a +0 rapier of venom
 p - a +1 heavy hand axe (weapon)
Missiles
 f - 10 poisoned darts (quivered)
Armour
 b - a +0 buckler (worn)
 m - a +0 hat (worn)
Jewellery
 o - a +6 ring of strength (left tentacle)
Wands
 n - a wand of flame (26)
 q - a wand of mindburst (19)
Scrolls
 d - a scroll of teleportation
 i - a scroll of fog
 j - 2 scrolls of immolation
 s - a scroll of revelation {unknown}
Potions
 g - a potion of curing
 h - a potion of enlightenment {unknown}
 k - a potion of ambrosia
 l - a potion of haste {unknown}
 r - a potion of magic {unknown}


   Skills:
 - Level 3.0 Fighting
 * Level 8.8 Axes
 - Level 3.0 Dodging
 + Level 0.5 Stealth
 - Level 3.0 Shields
 * Level 1.1 Invocations


You had 6 spell levels left.
You didn't know any spells.
Your spell library contained the following spells:

 Spells                   Type           Power      Damage    Failure   Level
 Necrotise                Necr           0%         1d4       43%         1
 Sandblast                Erth           0%         2d4       43%         1
 Lesser Beckoning         Tloc           0%         N/A       56%         2
 Passwall                 Tmut/Erth      0%         N/A       56%         2
 Gell's Gravitas          Tloc           0%         N/A       80%         3
 Stone Arrow              Conj/Erth      0%         3d7       80%         3
 Teleport Other           Tloc           0%         N/A       80%         3
 Vampiric Draining        Necr           0%         2d6       80%         3
 Brom's Barrelling Bould  Conj/Erth      0%         2d3       99%         4
 Agony                    Necr           0%         N/A       100%        5


Dungeon Overview and Level Annotations

Branches:
Dungeon (5/15)             Temple (0/1) D:5

Altars:
Ashenzari
Dithmenos
Okawaru
Sif Muna
Vehumet
Wu Jian
Zin

Shops:
D:2 *   D:3 !

Annotations:
D:4 3 runed translucent doors, Kurtz's ghost, amateur OpFi; beavisfan's ghost, amateur FeCK; sampeng1's ghost, amateur MiBe


Innate Abilities, Weirdness & Mutations

You cannot wear most types of armour.
You are amphibious.
You can wear up to eight rings at the same time.
Your skin changes colour to match your surroundings (Stealth+).
Your rubbery body absorbs attacks. (AC +1, EV +1)
((You are camouflaged when in or above water. (Stealth+)))
You have tentacles for arms and can constrict up to eight enemies at once.


Message History

s - a scroll labelled QONNIT ALUEMAD A scorpion comes into view.
Throw: 11 darts (poison)
Press: ? - help, Q - select action, (/) - cycle Shift-Dir - straight line, f - scorpion
Aim: a scorpion (wandering, hasn't noticed you, 54% to hit)
You throw a poisoned dart. The poisoned dart hits the scorpion.
The scorpion is poisoned.
Unknown command.
A phantom comes into view.
You slash the scorpion!
You kill the scorpion!
Okawaru accepts your kill.
Your Invocations skill increases to level 1!
The phantom hits you.
The phantom blinks!
You blink.
A jelly comes into view.
Found a staircase to the Ecumenical Temple.
You barely miss the phantom.
The phantom hits you but does no damage.
You hit the phantom. You squeeze the phantom!
The phantom is heavily damaged.
The phantom hits you. x2; The phantom blinks!
You blink.
An orc comes into view. It is wielding a +0 heavy morningstar.
The orc shouts!
You slash the phantom! Your squeeze misses the phantom.
The phantom is almost destroyed.
The phantom hits you.
The jelly quivers.
You slash the phantom!
You destroy the phantom!
Okawaru accepts your kill.
You hit the orc.
The orc hits you with a +0 heavy morningstar!!
Ouch! That really hurt!
* * * LOW HITPOINT WARNING * * *
Okay, then.
Found a scroll labelled WAS OMO WIURCH.
There is a staircase to the Ecumenical Temple here.
The orc hits you with a +0 heavy morningstar!!
Ouch! That really hurt!
You die...

#......# #...###..#
#..§...##############...>..#
#....$...........# ####.#.#
......(...........#######.#.#
.....####...........#.........#
..... #...........#.........#
..... #.....J.....#.........#
#### #....♣o♣....#######.#.#
#.....@.....# #.....#
#....♣.♣....# #.#.###
#...........# #.#....
.............# #.#####
.............# #.#....
..?########### #.#.#<. ...
#.#.### #.#.... #.#####


You could see a jelly and an orc.

Vanquished Creatures
  Duvessa (D:4)
  An ogre (D:4)
  A phantom (D:5)
  3 scorpions (D:5)
  4 orc priests
  An iguana (D:4)
  A sleepcap (D:5)
  An orc wizard (D:4)
  3 gnolls (D:3)
  4 adders
  2 ufetubi (D:4)
  A worm (D:3)
  13 orcs
  5 bats
  8 endoplasms
  5 giant cockroaches
  8 goblins
  4 hobgoblins
  7 jackals
  7 quokkas
  9 ball pythons
  9 frilled lizards
  6 kobolds
  7 rats
111 creatures vanquished.

Notes
Turn   | Place    | Note
-------+----------+-------------------------------------------
     0 | D:1      | Kurtz the Octopode Fighter began the quest for the Orb.
     0 | D:1      | Reached XP level 1. HP: 16/16 MP: 1/1
    79 | D:1      | Reached XP level 2. HP: 20/21 MP: 2/2
   231 | D:1      | Reached skill level 3 in Axes
   365 | D:1      | Reached XP level 3. HP: 26/26 MP: 3/3
  1088 | D:2      | Reached skill level 4 in Axes
  1206 | D:2      | Found Wantifil's General Store.
  1212 | D:2      | Bought 2 potions of curing for 84 gold pieces
  1212 | D:2      | Bought a scroll of identify for 28 gold pieces
  1344 | D:2      | Reached XP level 4. HP: 29/31 MP: 4/4
  1959 | D:3      | Found Uptar's Distillery.
  1973 | D:3      | Reached skill level 5 in Axes
  1973 | D:3      | Reached XP level 5. HP: 21/36 MP: 5/5
  2395 | D:4      | Found a runed translucent gate.
  2401 | D:4      | Found a runed translucent gate.
  2438 | D:4      | Found a runed translucent gate.
  2439 | D:4      | Noticed sampeng1's ghost (amateur MiBe)
  2440 | D:4      | Noticed Kurtz's ghost (amateur OpFi)
  2440 | D:4      | Noticed beavisfan's ghost (amateur FeCK)
  2489 | D:4      | Noticed Duvessa
  2500 | D:4      | Killed Duvessa
  2501 | D:4      | Reached skill level 6 in Axes
  2501 | D:4      | Reached XP level 6. HP: 12/42 MP: 6/6
  2726 | D:4      | Reached skill level 7 in Axes
  2803 | D:4      | Found an ornate altar of the Wu Jian Council.
  2822 | D:4      | Reached XP level 7. HP: 42/46 MP: 7/7
  2905 | D:4      | Found a shadowy altar of Dithmenos.
  2906 | D:4      | Found a glowing silver altar of Zin.
  2906 | D:4      | Found an iron altar of Okawaru.
  2906 | D:4      | Found a broken altar of Ashenzari.
  2907 | D:4      | Found a shimmering blue altar of Sif Muna.
  2908 | D:4      | Found a radiant altar of Vehumet.
  2914 | D:4      | Became a worshipper of Warmaster Okawaru
  3078 | D:5      | Entered Level 5 of the Dungeon
  3297 | D:5      | Reached skill level 8 in Axes
  3388 | D:5      | Reached skill level 1 in Invocations
  3389 | D:5      | Found a staircase to the Ecumenical Temple.
  3397 | D:5      | Mangled by an orc

Illustrated notes

Levels and vault maps discovered:
D:1:      dpeg_arrival_shelter, layout_basic
D:2:      layout_basic, serial_shops, nicolae_shop_pleasant_corner_grove
D:3:      layout_basic, serial_shops, shop, minmay_bisected
D:4:      layout_gridville, minitemple, gammafunk_ghost_cemetery,
          minmay_diced_spiral, uniq_duvessa, uniq_menkaure
D:5:      layout_basic, minmay_temple_entry_trees

Skill      XL: |  1  2  3  4  5  6  7 |
---------------+----------------------+-----
Axes           | 3 4 5 6 7 8 |  8.8
Invocations    | 1 |  1.1
Fighting       | |  3.0
Dodging        | |  3.0
Stealth        | |  0.5
Shields        | |  3.0

Action                     |  1- 3 |  4- 6 |  7- 9 || total
---------------------------+-------+-------+-------++-------
  Melee: War axe           |    76 |    94 |     9 ||   179
         Constrict         |    23 |    25 |     3 ||    51
         Tentacles         |     9 |    19 |     3 ||    31
         Punch             |     1 |     1 |       ||     2
         Hand axe          |       |       |    12 ||    12
  Throw: Dart              |       |       |     8 ||     8
    Use: Scroll            |       |     6 |       ||     6
         Potion            |       |     4 |       ||     4
   Stab: Sleeping          |     6 |     6 |       ||    12
         Distracted        |       |     1 |       ||     1
 Armour: Skin              |    30 |    42 |    10 ||    82
  Dodge: Dodged            |    38 |    55 |    11 ||   104
  Block: Buckler           |    24 |    23 |     3 ||    50

Table legend: (Time is in decaauts)
 A = Elapsed time spent in this place.
 B = Non-inter-level travel time spent in this place.
 C = Inter-level travel time spent in this place.
 D = Time resting spent in this place.
 E = Time spent auto-exploring this place.
 F = Levels seen in this place.
 G = Mean time per level.
                   A        B        C        D        E       F      G
               +--------+--------+--------+--------+--------+-----+--------+
         Total |   3453 |   3339 |    114 |    324 |   2340 |   5 |  690.6 |
       Dungeon |   3453 |   3339 |    114 |    324 |   2340 |   5 |  690.6 |
               +--------+--------+--------+--------+--------+-----+--------+

Top non-repeatable levels by time:
     D:2: 960 daAuts
     D:3: 746 daAuts
     D:1: 729 daAuts
     D:4: 694 daAuts
     D:5: 323 daAuts
